 Dungeon Crawl Stone Soup version 0.31.0 (webtiles) character file.

Game seed: 2523739771952024916

196 dvdksn the Cudgeller (level 5, 46/46 HPs)
             Began as a Minotaur Fighter on Jan 19, 2024.
             Quit the game on level 3 of the Dungeon.
             The game lasted 00:16:41 (2748 turns).

dvdksn the Cudgeller (Minotaur Fighter)             Turns: 2748, Time: 00:16:42

Health: 46/46      AC:  9    Str: 23    XL:     5   Next: 45%
Magic:  4/4        EV:  9    Int:  5    God:
Gold:   48         SH:  4    Dex:  9    Spells: 4/4 levels left

rFire   . . .        a - +0 flail
rCold   . . .        c - +0 buckler
rNeg    . . .        b - +0 scale mail
rPois   .            (helmet restricted)
rElec   .            m - +0 cloak
rCorr   .            t - +0 pair of gloves
SInv    .            (no boots)
Will    .....        (no amulet) Stlth
                     (no ring)
HPRegen 0.27/turn    (no ring)
MPRegen 0.09/turn

%: no passive effects
@: no status effects
A: horns 2, retaliatory headbutt
a: no special abilities


You were on level 3 of the Dungeon.
You visited 1 branch of the dungeon, and saw 3 of its levels.

You collected 158 gold pieces.
You spent 110 gold pieces at shops.

Inventory:

Hand Weapons
 a - a +0 flail (weapon)
 l - a +0 hammer
Armour
 b - a +0 scale mail (worn)
 c - a +0 buckler (worn)
 m - a +0 cloak (worn)
 t - a +0 pair of gloves (worn)
Talismans
 q - a beast talisman
Scrolls
 e - a scroll of blinking
 g - 2 scrolls of teleportation
 h - a scroll of enchant armour {unknown}
 k - a scroll of amnesia {unknown}
 n - a scroll of immolation {unknown}
 o - a scroll of fog
 p - a scroll of noise {unknown}
Potions
 d - a potion of might
 f - 2 potions of curing
 j - a potion of enlightenment
 r - a potion of heal wounds {unknown}
 s - a potion of lignification {unknown}
 u - a potion of berserk rage


   Skills:
 - Level 3.8 Fighting
 + Level 6.5 Maces & Flails
 - Level 3.9 Armour
 - Level 3.9 Shields


You had 4 spell levels left.
You didn't know any spells.
Your spell library contained the following spells:

 Spells                   Type           Power      Damage    Failure   Level
 Magic Dart               Conj           0%         1d3       85%         1
 Blink                    Tloc           0%         N/A       94%         2
 Call Imp                 Summ           0%         N/A       94%         2
 Sublimation of Blood     Necr           0%         N/A       94%         2
 Petrify                  Alch/Erth      0%         N/A       100%        4
 Irradiate                Conj/Alch      0%         3d11      100%        5


Dungeon Overview and Level Annotations

Branches:
Dungeon (3/15)

Altars:
Kikubaaqudgha

Shops:
D:1 (   D:3 *

Annotations:
D:2 Sigmund


Innate Abilities, Weirdness & Mutations

You have a pair of horns on your head.
You reflexively headbutt those who attack you in melee.


Message History

There is an open door here.
There is an open door here.
Found a pair of gloves.
You see here a +0 pair of gloves.
t - a +0 pair of gloves
Okay, then.
You don't know any spells.
Unknown command.
Okay, then.
You start putting on your armour.
You continue putting on your +0 pair of gloves. x4
You finish putting on your +0 pair of gloves.
Found a stone staircase leading up.
You open the door.
There is an open door here.
You now have 148 gold pieces (gained 18).
You now have 158 gold pieces (gained 10).
You open the door.
There is an open door here.
Found 7 stones.
Found Ogak's General Store.
You open the door.
There is an open translucent door here.
There is an entrance to Ogak's General Store here.
f - 2 potions of curing (gained 1);
u - a potion of berserk rage
i - 3 scrolls of identify (gained 1) Thank you for shopping at Ogak's General Store!
You don't know any spells.
As you read the scroll of identify, it crumbles to dust.
e - a scroll of blinking
As you read the scroll of identify, it crumbles to dust.
o - a scroll of fog
As you read the scroll of identify, it crumbles to dust.
j - a potion of enlightenment Welcome back, dvdksn the Minotaur Fighter.
Press ? for a list of commands and other information.
Okay, then.
Okay, then.
Okay, then.
Are you sure you want to abandon this character and quit the game? (Confirm with "yes".)

#........ ....
#........ ...>.
#........ ..)...
#........ ......
#........ ......
##........ .......
####....... .......
##@#...............
#'##...............
#..................
##....(............
#.................
#.................
#.................
#.................
#.................


There were no monsters in sight!

Vanquished Creatures
  A bombardier beetle (D:3)
  Crazy Yiuf (D:2)
  4 adders
  3 gnolls (D:2)
  2 dart slugs (D:2)
  An orc (D:3)
  3 bats
  3 endoplasms
  3 giant cockroaches
  8 goblins
  11 hobgoblins
  2 jackals (D:1)
  13 kobolds
  A quokka (D:1)
  4 ball pythons
  2 frilled lizards (D:2)
  4 rats
66 creatures vanquished.

Vanquished Creatures (others)
  A human (D:3)
1 creature vanquished.

Grand Total: 67 creatures vanquished

Notes
Turn   | Place    | Note
-------+----------+-------------------------------------------
     0 | D:1      | dvdksn the Minotaur Fighter began the quest for the Orb.
     0 | D:1      | Reached XP level 1. HP: 19/19 MP: 0/0
   106 | D:1      | Reached XP level 2. HP: 27/27 MP: 1/1
   113 | D:1      | Found Pusynnor's Antique Weapon Emporium.
   221 | D:1      | Reached skill level 3 in Maces & Flails
   668 | D:2      | Reached XP level 3. HP: 13/33 MP: 2/2
   878 | D:2      | Reached skill level 4 in Maces & Flails
   920 | D:2      | Found a runed translucent door.
   921 | D:2      | Noticed Crazy Yiuf
  1148 | D:2      | Reached XP level 4. HP: 30/40 MP: 3/3
  1233 | D:2      | Reached skill level 5 in Maces & Flails
  1579 | D:2      | Found a faded altar of an unknown god.
  1703 | D:2      | Noticed Sigmund
  1929 | D:2      | Killed Crazy Yiuf
  1930 | D:2      | Reached XP level 5. HP: 14/46 MP: 4/4
  2214 | D:3      | Reached skill level 6 in Maces & Flails
  2236 | D:3      | Found an ancient bone altar of Kikubaaqudgha.
  2245 | D:3      | Noticed a human
  2247 | D:3      | Killed a human
  2735 | D:3      | Found Ogak's General Store.
  2744 | D:3      | Bought a potion of curing for 33 gold pieces
  2744 | D:3      | Bought a potion of berserk rage for 55 gold pieces
  2744 | D:3      | Bought a scroll of identify for 22 gold pieces
  2748 | D:3      | Quit the game

Illustrated notes

Levels and vault maps discovered:
D:1:      evilmike_arrival_fibonacci_small, layout_basic, serial_shops, shop,
          minivault_25, minivault_24, chequers_serial_rivers_micro_c
D:2:      layout_loops_ring, shapermc_ecumenical_altar_hornbeckon,
          dreamdust_mushroom_princess, st_stairs_5, uniq_crazy_yiuf_cottage,
          uniq_sigmund
D:3:      corexii_shack_village, layout_basic, tgw_kikubaaqudgha, serial_shops,
          nicolae_shop_tiny_glass

Skill      XL: |  1  2  3  4  5 |
---------------+----------------+-----
Maces & Flails | 3 4 5 6 |  6.5
Fighting       | |  3.8
Armour         | |  3.9
Shields        | |  3.9

Action                     |  1- 3 |  4- 6 || total
---------------------------+-------+-------++-------
  Melee: Flail             |    85 |    84 ||   169
         Headbutt          |    12 |     4 ||    16
    Use: Scroll            |       |     4 ||     4
 Armour: Scale mail        |    53 |    46 ||    99
  Dodge: Dodged            |    33 |    39 ||    72
  Block: Buckler           |    24 |     8 ||    32
